 Dungeon Crawl Stone Soup version 0.20.0-8-g6b59dc7 (webtiles) character file.

3532 asthiss the Protected (level 9, -3/78 HPs)
             Began as a Minotaur Fighter on May 31, 2017.
             Was a Believer of Makhleb.
             Slain by an orc warrior
             ... wielding a +0 spear
              (7 damage)
             ... in a bailey.
             The game lasted 00:34:31 (5614 turns).

asthiss the Protected (Minotaur Fighter)            Turns: 5614, Time: 00:34:32

Health: -3/78      AC: 15    Str: 26    XL:     9   Next: 82%
Magic:  8/8        EV:  6    Int:  8    God:    Makhleb [**....]
Gold:   483        SH: 11    Dex: 10    Spells: 8/8 levels left

rFire    . . .     SeeInvis .   m - +2 rapier (speed)
rCold    . . .     Gourm    .   c - +0 shield
rNeg     . . .     Faith    .   n - +1 plate armour
rPois    .         Spirit   .   (helmet restricted)
rElec    .         Reflect  .   (no cloak)
rCorr    .         Harm     .   (no gloves)
MR       .....                  (no boots)
Stlth    ..........             (no amulet)
Regen    0.3/turn               k - +2 ring of strength
MPRegen  0.2/turn               h - +3 ring of intelligence

@: no status effects
A: retaliatory headbutt, horns 2, mutation resistance 1
a: Minor Destruction, Renounce Religion


You were in a bailey.
You worshipped Makhleb.
Makhleb was pleased with you.
You were full.

You visited 1 branch of the dungeon, and saw 7 of its levels.
You also visited: Bailey.

You collected 483 gold pieces.

Inventory:

Hand Weapons
 a - a +1 long sword
 m - a +2 rapier of speed (weapon)
Missiles
 y - 5 javelins of returning (quivered)
 z - 2 tomahawks
Armour
 b - a +0 scale mail
 c - a +0 shield (worn)
 n - a +1 plate armour (worn)
 C - a cursed +0 scale mail
Magical Staves
 l - an uncursed staff of energy {unknown}
Jewellery
 h - a +3 ring of intelligence (right hand)
 k - a +2 ring of strength (left hand)
 u - an uncursed ring of magical power {unknown}
 A - a +5 amulet of reflection {unknown}
Scrolls
 e - 5 scrolls of remove curse
 g - 3 scrolls of teleportation
 j - 3 scrolls of magic mapping
 p - a scroll of enchant weapon
 q - 2 scrolls of amnesia
 v - a scroll of fear
Potions
 d - 2 potions of might
 s - a potion of heal wounds
 t - 4 potions of curing
 x - a potion of invisibility
Books
 w - a book of Maledictions

   Spells                             Type                      Level
   a - Corona                         Hexes                        1
   b - Ensorcelled Hibernation        Hexes/Ice                    2
   c - Confuse                        Hexes                        3
   d - Tukima's Dance                 Hexes                        3
   e - Dazzling Spray                 Conjuration/Hexes            3
Comestibles
 f - 4 bread rations
 i - 3 meat rations
 o - 3 royal jellies
 r - 8 fruits


   Skills:
 + Level 6.4 Fighting
 + Level 6.6(7.7) Short Blades
 + Level 6.6(8.1) Long Blades
 + Level 6.6 Throwing
 * Level 8.8 Armour
 + Level 7.0 Shields


You had 8 spell levels left.
You didn't know any spells.

Dungeon Overview and Level Annotations

Branches:
Dungeon (7/15)             Temple (0/1) D:5

Altars:
Makhleb
Okawaru
Ru
Sif Muna
Vehumet

Shops:
D:5 :


Innate Abilities, Weirdness & Mutations

You reflexively headbutt those who attack you in melee.
You have a pair of horns on your head.
You are somewhat resistant to further mutation.


Message History

You hit the orc.
The orc is lightly wounded.
The orc completely misses you.
You hit the orc but do no damage. You headbutt the orc.
The orc is moderately wounded.
The orc warrior hits you with a spear.
* * * LOW HITPOINT WARNING * * *
Your shield and plate armour prevent you from hitting the orc.
You headbutt the orc.
You kill the orc!
Makhleb accepts your kill.
You closely miss the orc warrior. You headbutt the orc warrior.
The orc warrior is lightly wounded.
The orc warrior hits you but does no damage.
You puncture the orc warrior!
The orc warrior is moderately wounded.
You puncture the orc warrior! You headbutt the orc warrior.
The orc warrior is almost dead.
The orc warrior hits you with a spear!
You die...

≈≈....≈ #..##.≈.≈≈..≈≈≈≈≈..
≈≈≈≈...#####..#.≈≈.≈.≈≈≈...≈≈≈
≈≈≈≈≈......'..#.≈.≈≈.≈..⌠.⌠..≈
≈≈≈≈≈......'..#.≈..))≈..∩∩∩...
≈≈≈≈≈......)).#.≈.≈≈.≈..⌠.⌠..≈
≈≈≈≈...#####).#.≈≈.≈.≈≈≈...≈≈≈
≈≈....≈ #..##.≈.≈≈..≈≈≈≈≈..
.(....≈ #o)⌠#.≈≈.≈≈≈.....≈≈
...⌠.≈≈ #.@.#.)≈≈.)≈≈≈≈≈≈≈.
.....≈. #..)#.⌠)≈≈≈..)....≈
...≈≈≈. #...##....≈≈≈≈≈≈≈≈≈
.≈≈≈o.≈ #....#####.........
#.......⌠##########
##....).).)........
##................
##≈≈≈≈≈≈≈≈≈≈≈≈≈≈≈
################


You could see an orc warrior.

Vanquished Creatures
  2 slime creatures (D:5)
  A hippogriff (D:7)
  A hungry ghost (D:7)
  2 steam dragons (D:6)
  2 water moccasins
  4 orc warriors (Bailey)
  A phantom (D:4)
  5 ogres
  2 centaurs (Bailey)
  2 big kobolds (D:5)
  A scorpion (D:4)
  A howler monkey (D:5)
  A crimson imp (D:5)
  2 hounds
  3 jellies (D:5)
  3 orc wizards
  3 iron imps (D:5)
  3 centaur skeletons
  8 worker ants
  2 worker ant zombies (D:6)
  Robin (D:3)
  2 howler monkey skeletons
  8 adders
  8 oozes
  An adder skeleton (D:4)
  A dart slug (D:1)
  5 leopard geckos
  29 orcs
  A ball python (D:2)
  6 giant cockroaches
  17 goblins
  10 hobgoblins
  13 jackals
  A quokka (D:7)
  A ball python skeleton (D:6)
  10 bats
  4 frilled lizards
  13 kobolds
  10 rats
190 creatures vanquished.

Vanquished Creatures (others)
  2 fungi
  7 toadstools (D:5)
9 creatures vanquished.

Grand Total: 199 creatures vanquished

Notes
Turn   | Place    | Note
-------+----------+-------------------------------------------
     0 | D:1      | asthiss the Minotaur Fighter began the quest for the Orb.
     0 | D:1      | Reached XP level 1. HP: 19/19 MP: 0/0
   108 | D:1      | Reached XP level 2. HP: 27/27 MP: 1/1
   331 | D:1      | Reached XP level 3. HP: 33/33 MP: 2/2
   621 | D:2      | Found a sacrificial altar of Ru.
   710 | D:2      | Found a radiant altar of Vehumet.
   796 | D:2      | Found an iron altar of Okawaru.
   798 | D:2      | Found a deep blue altar of Sif Muna.
  1024 | D:2      | Found a faded altar of an unknown god.
  1169 | D:3      | Reached skill level 4 in Armour
  1169 | D:3      | Reached XP level 4. HP: 40/40 MP: 3/3
  1259 | D:3      | Noticed Robin
  1290 | D:3      | Killed Robin
  1293 | D:3      | Reached skill level 1 in Throwing
  1428 | D:3      | Reached skill level 5 in Shields
  1585 | D:4      | Noticed a phantom
  1644 | D:4      | Killed a phantom
  1644 | D:4      | Reached XP level 5. HP: 38/47 MP: 4/4
  1699 | D:4      | Reached XP level 6. HP: 33/53 MP: 5/5
  2099 | D:4      | Reached skill level 5 in Long Blades
  2130 | D:4      | Reached skill level 5 in Armour
  2130 | D:4      | Reached XP level 7. HP: 6/60 MP: 6/6
  2681 | D:5      | Entered Level 5 of the Dungeon
  2681 | D:5      | Found a burning altar of Makhleb.
  2697 | D:5      | Became a worshipper of Makhleb the Destroyer
  2760 | D:5      | Found a staircase to the Ecumenical Temple.
  2891 | D:5      | Reached skill level 5 in Fighting
  2915 | D:5      | Found Gashod's Book Shop.
  2999 | D:5      | Reached skill level 6 in Armour
  3028 | D:5      | Reached skill level 1 in Short Blades
  3059 | D:5      | Noticed a slime creature
  3059 | D:5      | Noticed a slime creature
  3059 | D:5      | Noticed a slime creature
  3080 | D:5      | Killed a large slime creature
  3080 | D:5      | Reached XP level 8. HP: 53/69 MP: 7/7
  3096 | D:5      | Killed a slime creature
  3096 | D:5      | Reached skill level 7 in Armour
  3382 | D:5      | Found a sand-covered staircase.
  3686 | D:6      | Reached skill level 5 in Short Blades
  3686 | D:6      | Reached XP level 9. HP: 69/75 MP: 8/8
  3758 | D:6      | Gained mutation: You are frail. (-10% HP) [potion of mutation]
  3758 | D:6      | Gained mutation: You have a pair of large horns on your head. [potion of mutation]
  3758 | D:6      | Gained mutation: You are partially covered in large bone plates. (SH +4) [potion of mutation]
  3776 | D:6      | Reached * piety under Makhleb
  4245 | D:6      | Reached skill level 5 in Throwing
  4533 | D:6      | Lost mutation: You are frail. (-10% HP) [potion of mutation]
  4533 | D:6      | Lost mutation: You are partially covered in large bone plates. (SH +4) [potion of mutation]
  4533 | D:6      | Lost mutation: You have a pair of large horns on your head. [potion of mutation]
  4533 | D:6      | Gained mutation: You are somewhat resistant to further mutation. [potion of mutation]
  4793 | D:7      | Found a flagged portal.
  4821 | D:7      | Reached skill level 8 in Armour
  4971 | D:7      | Reached ** piety under Makhleb
  5263 | Bailey   | Entered a bailey
  5610 | Bailey   | HP: 3/78 [orc warrior/spear (6)]
  5614 | Bailey   | Slain by an orc warrior

Skill      XL: |  1  2  3  4  5  6  7  8  9 |
---------------+----------------------------+-----
Fighting       | 4 5 6 |  6.4
Shields        | 4 5 6 7 |  7.0
Long Blades    | 3 4 5 6 |  6.6
Armour         | 4 5 6 7 8 |  8.8
Throwing       | 1 2 3 4 6 |  6.6
Short Blades   | 2 5 6 |  6.6

Action                   |  1- 3 |  4- 6 |  7- 9 || total
-------------------------+-------+-------+-------++-------
Melee: Long sword        |   106 |   148 |    19 ||   273
       Headbutt          |     9 |    30 |    60 ||    99
       Rapier            |       |       |   225 ||   225
Throw: Stone             |    59 |     2 |       ||    61
       Tomahawk          |       |    41 |    98 ||   139
       Javelin           |       |       |    42 ||    42
  Use: Scroll            |     7 |     3 |     3 ||    13
       Potion            |     3 |     3 |     4 ||    10
  Eat: Bread ration      |     1 |       |     4 ||     5
Armor: Scale mail        |    35 |       |       ||    35
       Plate armour      |    58 |   104 |    81 ||   243
Dodge: Dodged            |    29 |    15 |    24 ||    68
Block: Shield            |    89 |    73 |   114 ||   276
       Rpst.: Long sword |     8 |     7 |     1 ||    16
